 Dungeon Crawl Stone Soup version 0.21.1-1-g345015f (webtiles) character file.

746 inmateoo the Grappler (level 7, -5/50 HPs)
             Began as a Minotaur Fire Elementalist on Feb 18, 2018.
             Slain by an orc warrior
             ... wielding a +0 short sword
              (18 damage)
             ... on level 6 of the Dungeon.
             The game lasted 00:03:46 (4704 turns).

inmateoo the Grappler (Minotaur Fire Elementalist)  Turns: 4704, Time: 00:03:46

Health: -5/50      AC:  9    Str: 15    XL:     7   Next: 48%
Magic:  17/17      EV:  6    Int: 12    God:
Gold:   240        SH:  0    Dex: 10    Spells: 4/8 levels left

rFire    . . .     SeeInvis .     - Unarmed
rCold    . . .     Gourm    +   (no shield)
rNeg     + . .     Faith    .   k - +0 chain mail
rPois    .         Spirit   .   (helmet restricted)
rElec    .         Reflect  .   u - +0 cloak
rCorr    .         Harm     .   (no gloves)
MR       .....                  (no boots)
Stlth    ..........             d - amulet of the gourmand
HPRegen  0.16/turn              e - ring of positive energy
MPRegen  0.15/turn              t - ring of magical power

@: no status effects
A: retaliatory headbutt, horns 2
a: no special abilities


You were on level 6 of the Dungeon.
You were not hungry.

You visited 1 branch of the dungeon, and saw 6 of its levels.

You collected 240 gold pieces.

Inventory:

Missiles
 x - 4 javelins (quivered)
Armour
 k - a +0 chain mail (worn)
 u - a +0 cloak (worn)
 v - a +0 buckler
Jewellery
 d - an amulet of the gourmand (around neck)
 e - a ring of positive energy (left hand)
 t - a ring of magical power (right hand)
Wands
 A - a wand of polymorph (9)
Scrolls
 a - a scroll of blinking
 g - 3 scrolls of remove curse
 n - a scroll of magic mapping
Potions
 f - 2 potions of flight
 h - 3 potions of invisibility
 j - a potion of berserk rage
 l - a potion of mutation
 m - 2 potions of brilliance {unknown}
 o - 3 potions of degeneration {unknown}
 p - 2 potions of curing {unknown}
 q - a potion of agility {unknown}
 w - a potion of magic {unknown}
Books
 b - a book of Flames

   Spells                             Type                      Level
   a - Flame Tongue                   Conjuration/Fire             1
   b - Throw Flame                    Conjuration/Fire             2
   c - Conjure Flame                  Conjuration/Fire             3
   d - Inner Flame                    Hexes/Fire                   3
   e - Sticky Flame                   Conjuration/Fire             4
   f - Fireball                       Conjuration/Fire             5
 y - a book of Battle

   Spells                             Type                      Level
   a - Infusion                       Charms                       1
   b - Shroud of Golubria             Charms/Translocation         2
   c - Song of Slaying                Charms                       2
   d - Spectral Weapon                Hexes/Charms                 3
   e - Regeneration                   Charms/Necromancy            3
Comestibles
 c - 12 rations


   Skills:
 - Level 2.1 Dodging
 - Level 1.5 Stealth
 + Level 9.1 Unarmed Combat
 - Level 1.3 Spellcasting
 - Level 0.6 Conjurations
 - Level 2.1 Fire Magic


You had 4 spell levels left.
You knew the following spells:

 Your Spells              Type           Power        Failure   Level  Hunger
a - Flame Tongue          Conj/Fire      #....        99%         1    ##.....
b - Regeneration          Chrm/Necr      #.........   100%        3    ####...


Dungeon Overview and Level Annotations

Branches:
Dungeon (6/15)
 Temple: D:4-7

Altars:
Wu Jian
The Shining One


Innate Abilities, Weirdness & Mutations

You reflexively headbutt those who attack you in melee.
You have a pair of horns on your head.


Message History

The orc hits you but does no damage.
You hit the orc.
You kill the orc!
Your chain mail prevents you from hitting the orc warrior.
Your headbutt misses the orc warrior.
You punch the orc warrior, but do no damage.
The orc warrior is severely wounded.
The orc warrior hits you with a short sword!
You hit the orc warrior but do no damage.
Your headbutt misses the orc warrior.
The orc warrior is severely wounded.
You are too injured to fight recklessly!
You closely miss the orc warrior. You headbutt the orc warrior.
The orc warrior is severely wounded.
The orc warrior hits you with a short sword.
* * * LOW HITPOINT WARNING * * *
You hit the orc warrior but do no damage.
The orc warrior is severely wounded.
The orc warrior hits you with a short sword!!
You die...

........# .......
........# .......
........##.......
.........'.......
.........#o......
########.#.......
#o#.......
#o######## #@# #.#
#########.#
#.........#
########.#########
.........#
########.# #.# #.#


You could see an orc warrior and an orc.

Vanquished Creatures
  A sky beast (D:5)
  An ogre (D:4)
  A big kobold (D:3)
  A bullfrog (D:4)
  A scorpion (D:5)
  A howler monkey (D:4)
  3 orc wizards
  A hound (D:5)
  A jelly (D:5)
  An iguana (D:5)
  A worker ant (D:4)
  5 adders
  A howler monkey skeleton (D:4)
  3 worms
  4 dart slugs
  A leopard gecko (D:3)
  12 orcs
  2 ball pythons
  5 giant cockroaches
  6 goblins
  6 hobgoblins
  3 jackals (D:5)
  5 quokkas
  5 bats
  5 frilled lizards
  A jackal zombie (D:5)
  5 kobolds
  6 rats
88 creatures vanquished.

Notes
Turn   | Place    | Note
-------+----------+-------------------------------------------
     0 | D:1      | inmateoo the Minotaur Fire Elementalist began the quest for the Orb.
     0 | D:1      | Reached XP level 1. HP: 14/14 MP: 1/1
    41 | D:1      | Reached skill level 1 in Unarmed Combat
   500 | D:1      | Reached XP level 2. HP: 20/20 MP: 3/3
   584 | D:1      | Reached skill level 2 in Unarmed Combat
  1231 | D:2      | Reached skill level 3 in Unarmed Combat
  1231 | D:2      | Reached XP level 3. HP: 19/26 MP: 4/4
  1820 | D:2      | Found a faded altar of an unknown god.
  2041 | D:3      | Reached skill level 4 in Unarmed Combat
  2041 | D:3      | Reached XP level 4. HP: 28/33 MP: 5/5
  2662 | D:3      | Found a glowing golden altar of the Shining One.
  2787 | D:3      | Noticed a big kobold
  2795 | D:3      | Killed a big kobold
  2795 | D:3      | Reached skill level 5 in Unarmed Combat
  2795 | D:3      | Reached XP level 5. HP: 31/38 MP: 6/6
  2910 | D:4      | Reached skill level 6 in Unarmed Combat
  3246 | D:4      | Noticed an ogre
  3252 | D:4      | Killed an ogre
  3252 | D:4      | Reached XP level 6. HP: 36/45 MP: 7/7
  3331 | D:4      | Reached skill level 7 in Unarmed Combat
  3731 | D:5      | Entered Level 5 of the Dungeon
  3808 | D:5      | Noticed a sky beast
  3865 | D:5      | Killed a sky beast
  3865 | D:5      | Reached skill level 8 in Unarmed Combat
  3865 | D:5      | Reached XP level 7. HP: 26/50 MP: 8/8
  4220 | D:5      | Learned a level 3 spell: Regeneration
  4366 | D:5      | Reached skill level 9 in Unarmed Combat
  4675 | D:6      | Found an ornate altar of the Wu Jian Council.
  4704 | D:6      | Slain by an orc warrior

Skill      XL: |  1  2  3  4  5  6  7 |
---------------+----------------------+-----
Unarmed Combat | 1 3 4 5 6 8 9 |  9.1
Dodging        | |  2.1
Stealth        | |  1.5
Spellcasting   | |  1.3
Conjurations   | |  0.6
Fire Magic     | |  2.1

Action                   |  1- 3 |  4- 6 |  7- 9 || total
-------------------------+-------+-------+-------++-------
Melee: Unarmed           |   107 |   163 |    73 ||   343
       Headbutt          |    19 |    16 |    11 ||    46
       Punch             |       |     1 |     4 ||     5
  Use: Scroll            |     3 |       |     8 ||    11
  Eat: Chunk             |     5 |     4 |     4 ||    13
Armor: Robe              |     3 |       |       ||     3
       Chain mail        |    47 |   101 |    32 ||   180
       Scale mail        |     2 |       |       ||     2
Dodge: Dodged            |    45 |    52 |    18 ||   115
